 Dungeon Crawl Stone Soup version 0.27.1-33-g824d729ab1 (webtiles) character file.

Game seed: 15270124053967217959

22 zeram the Poker (level 2, 0/22 HPs)
             Began as a Merfolk Gladiator on Dec 15, 2021.
             Succumbed to a kobold's poison
             ... on level 1 of the Dungeon.
             The game lasted 00:02:04 (808 turns).

zeram the Poker (Merfolk Gladiator)                  Turns: 808, Time: 00:02:04

Health: 0/22       AC:  4    Str: 14    XL:     2   Next: 91%
Magic:  2/2        EV: 13    Int:  7    God:
Gold:   31         SH:  0    Dex: 15    Spells: 1/1 levels left

rFire    . . .     SeeInvis +   a - +0 trident
rCold    . . .     Faith    .   (no shield)
rNeg     . . .     Spirit   .   b - +0 leather armour
rPois    .         Reflect  .   c - +0 helmet
rElec    .         Harm     .   (no cloak)
rCorr    .         Rampage  .   (no gloves)
Will     .....                  (no boots)
Stlth    +.........             (no amulet)
HPRegen  0.07/turn              g - ring of see invisible
MPRegen  0.08/turn              (no ring)

@: lethally poisoned (0 -> -3)
A: (nimble swimmer 2), mertail
a: no special abilities


You were on level 1 of the Dungeon.
You visited 1 branch of the dungeon, and saw 1 of its levels.

You collected 31 gold pieces.

Inventory:

Hand Weapons
 a - a +0 trident (weapon)
 d - a +1 whip of venom
Armour
 b - a +0 leather armour (worn)
 c - a +0 helmet (worn)
Jewellery
 g - a ring of see invisible (left hand)
Scrolls
 e - a scroll of identify
 f - a scroll of acquirement


   Skills:
 - Level 2.1 Fighting
 + Level 5.4 Polearms
 - Level 2.0 Throwing
 + Level 4.5 Dodging


You had one spell level left.
You didn't know any spells.
Your spell library contained the following spells:

 Spells                   Type           Power      Damage    Failure   Level
 Slow                     Hex            0%         N/A       65%         2
 Confusing Touch          Hex            0%         N/A       87%         3
 Vampiric Draining        Necr           0%         2d6       87%         3


Dungeon Overview and Level Annotations

Branches:
Dungeon (1/15)

Altars:


Innate Abilities, Weirdness & Mutations

((You are quick and stealthy near water. (Stealth+, EV+, Speed+++)))
Your lower body shifts to a powerful aquatic tail in water.


Message History

The net rips apart, and the kobold comes free!
You reach to attack!
You closely miss the kobold.
Throw: throwing net
Press: ? - help, Q - select action Shift-Dir - straight line, f/p - kobold
Aim: a kobold, wielding a +1 whip of venom and quivering stones (53% to hit)
You throw a throwing net.
The throwing net barely misses the kobold.
The kobold closely misses you.
Your leather armour prevents you from hitting the kobold.
The kobold misses you.
You closely miss the kobold.
The kobold hits you with a +1 whip of venom.
You are lethally poisoned!
You aren't carrying any potions.
Unknown command.
You closely miss the kobold.
You feel very sick. The kobold closely misses you.
You hit the kobold.
You kill the kobold!
* * * LOW HITPOINT WARNING * * *
You feel very sick.
Unknown command.
* * * LOW HITPOINT WARNING * * *
You feel sick.
Things that are here:
a +1 whip of venom; 2 stones; a kobold corpse
Okay, then.
You aren't carrying any potions.
As you read the scroll labelled LEONLECATU, it crumbles to dust.
It is a scroll of identify.
f - a scroll of acquirement
* * * LOW HITPOINT WARNING * * *
You feel sick.
Unknown command.
d - a +1 whip of venom
* * * LOW HITPOINT WARNING * * *
You feel sick.
There is a lethal amount of poison in your body!
You die...

##.#.##
##.###.#
#.##.#
#.....# ###
##.#.##
##.#####
####.##
##.#.###.##
....#.##
##.#.(.##
##.###.####
##...#####
..## ##...#
###.....#
##.###.##.#
#.###.#
##.#.###.#
#@# #.#
##.## #.#
#(# #.# #.#
#.# #.# #K#
#.## #.#
#.# #.#
#(.# #.#
#.# #.#
##.# #.#
###.###.#
#.# #.#
#.....#.#
#####.###.#
#.....#.#
..........#
#.....#.#


There were no monsters in sight!

Vanquished Creatures
  An endoplasm (D:1)
  2 giant cockroaches (D:1)
  2 goblins (D:1)
  3 hobgoblins (D:1)
  2 kobolds (D:1)
  2 quokkas (D:1)
  A ball python (D:1)
  A bat (D:1)
  A frilled lizard (D:1)
  5 rats (D:1)
20 creatures vanquished.

Notes
Turn   | Place    | Note
-------+----------+-------------------------------------------
     0 | D:1      | zeram the Merfolk Gladiator began the quest for the Orb.
     0 | D:1      | Reached XP level 1. HP: 16/16 MP: 1/1
   156 | D:1      | Reached XP level 2. HP: 22/22 MP: 2/2
   207 | D:1      | Found a faded altar of an unknown god.
   320 | D:1      | Reached skill level 5 in Polearms
   806 | D:1      | Identified a scroll of acquirement
   807 | D:1      | HP: 1/22 [poisoned by a kobold]
   808 | D:1      | Succumbed to a kobold's poison

Illustrated notes

Levels and vault maps discovered:
D:1:      heliophobic_arrival_henge, layout_loops_ring,
          shapermc_ecumenical_altar_totnotflames, solitary_fountain

Skill      XL: |  1  2 |
---------------+-------+-----
Polearms       | 5 |  5.4
Fighting       | |  2.1
Throwing       | |  2.0
Dodging        | |  4.5

Action                   || total
-------------------------++-------
Melee: Trident           ||    61
Throw: Throwing net      ||     3
  Use: Scroll            ||     1
       Potion            ||     1
 Stab: Sleeping          ||     3
Armor: Leather armour    ||     8
Dodge: Dodged            ||    32
